[ AOE2 MATCH · #486628498 ]
1v1 RMPersians vs Teutons
Player's team · LOSS
Rival team · WIN
[ REPLAY ANALYSIS · EXTRACTED FROM THE RECORDED GAME ]
Feudal
10:58
Castle
18:37
Imperial
39:30
| APM avg | 18.1 |
| APM peak | 74 |
| eAPM avg | 8.8 |
| Villagers / military | 76 / 142 |
Focus
⚔️ 41.6% · 🌾 58.4%
Archer ×57 · Camel Scout ×24 · Spearman ×23 · War Elephant ×16 · Trebuchet (Packed) ×10 · Knight ×4
Feudal
11:11
Castle
19:09
Imperial
37:04
| APM avg | 12.8 |
| APM peak | 34 |
| eAPM avg | 9.3 |
| Villagers / military | 83 / 79 |
Focus
⚔️ 35.0% · 🌾 65.0%
Knight ×43 · Teutonic Knight ×14 · Monk ×11 · Trebuchet (Packed) ×8 · Spearman ×2 · Scout Cavalry ×1
Match map
Initial resources + every placement click. Lines = walls · curves = elevation contours. ◆ gold · ⬟ stone · ● berries · ✦ relic · ◌ wall gap
Your base· Open — unwalled flank
SkeeveDaddy's base· Open — unwalled flank
Smoothed initial terrain · ◌ = detected wall gap · hover for details
Inputs per minute
— JCMX1439 - - SkeeveDaddy
Build order — JCMX1439
First 150 of 245 actions detected
| 0:09 | Build | House |
| 0:12 | Create | Villager (Male) ×5 |
| 0:42 | Build | House |
| 1:22 | Build | House |
| 1:26 | Create | Villager (Male) |
| 1:54 | Build | Mill |
| 2:14 | Create | Villager (Male) |
| 2:47 | Create | Villager (Male) |
| 3:15 | Create | Villager (Male) |
| 3:15 | Create | Villager (Male) |
| 3:57 | Create | Villager (Male) |
| 4:34 | Create | Villager (Male) |
| 4:34 | Create | Villager (Male) |
| 4:34 | Create | Villager (Male) |
| 5:15 | Create | Villager (Male) |
| 5:15 | Create | Villager (Male) |
| 5:16 | Create | Villager (Male) |
| 5:16 | Create | Villager (Male) |
| 5:17 | Create | Villager (Male) |
| 6:01 | Create | Villager (Male) |
| 6:01 | Create | Villager (Male) |
| 6:02 | Create | Villager (Male) |
| 6:14 | Build | Lumber Camp |
| 6:19 | Build | House |
| 7:16 | Build | Farm |
| 8:09 | Build | Farm |
| 8:55 | Research | Feudal Age |
| 9:14 | Build | Farm |
| 9:42 | Create | Villager (Male) |
| 9:43 | Create | Villager (Male) |
| 9:44 | Create | Villager (Male) |
| 10:04 | Build | Farm |
| 10:05 | Build | Farm |
| 10:08 | Build | Farm |
| 10:11 | Build | Farm |
| 10:13 | Build | Farm |
| 10:31 | Build | House |
| 10:58 | Age | Feudal Age |
| 11:07 | Create | Villager (Male) |
| 11:10 | Research | Double-Bit Axe |
| 11:12 | Research | Horse Collar |
| 11:28 | Build | House |
| 11:37 | Create | Villager (Male) |
| 11:39 | Create | Villager (Male) |
| 11:39 | Create | Villager (Male) |
| 11:40 | Create | Villager (Male) |
| 11:40 | Create | Villager (Male) |
| 11:40 | Create | Villager (Male) |
| 12:01 | Build | Mining Camp |
| 12:47 | Build | Barracks |
| 13:22 | Research | Wheelbarrow |
| 13:25 | Research | Gold Mining |
| 13:40 | Build | House |
| 13:54 | Build | Blacksmith |
| 14:15 | Build | Farm |
| 14:16 | Build | Farm |
| 14:18 | Build | Farm |
| 14:19 | Build | Farm |
| 14:27 | Build | Farm |
| 14:43 | Build | Farm |
| 14:57 | Build | House |
| 15:25 | Build | Archery Range |
| 16:02 | Build | Market |
| 16:12 | Research | Castle Age |
| 16:44 | Create | Archer |
| 16:45 | Create | Archer |
| 17:00 | Research | Man-at-Arms (upgrade) |
| 17:20 | Build | Stable |
| 17:35 | Create | Militia |
| 17:35 | Create | Militia |
| 17:38 | Create | Spearman |
| 17:38 | Create | Spearman |
| 17:42 | Create | Skirmisher |
| 17:42 | Create | Skirmisher |
| 18:37 | Age | Castle Age |
| 18:41 | Build | Town Center |
| 18:52 | Build | House |
| 18:56 | Build | House |
| 18:57 | Build | House |
| 19:10 | Create | Villager (Male) ×5 |
| 19:38 | Research | Pikeman (upgrade) |
| 19:39 | Research | Long Swordsman (upgrade) |
| 19:40 | Research | Gambesons |
| 19:59 | Build | Mining Camp |
| 20:05 | Research | Stone Mining |
| 20:17 | Create | Villager (Male) ×2 |
| 21:13 | Build | Town Center |
| 21:22 | Create | Villager (Male) ×5 |
| 21:44 | Research | Squires |
| 21:47 | Research | Elite Skirmisher (upgrade) |
| 21:52 | Create | Knight |
| 22:13 | Create | Villager (Male) |
| 22:45 | Create | Villager (Male) ×3 |
| 23:01 | Build | Farm |
| 23:03 | Build | Farm |
| 23:05 | Build | Farm |
| 23:11 | Research | Husbandry |
| 23:54 | Create | Villager (Male) |
| 23:54 | Create | Villager (Male) |
| 24:12 | Create | Villager (Male) |
| 24:13 | Create | Villager (Male) |
| 24:13 | Create | Villager (Male) |
| 24:21 | Create | Villager (Male) |
| 24:55 | Build | Farm |
| 24:59 | Create | Villager (Male) ×3 |
| 25:11 | Build | Farm |
| 25:13 | Build | Farm |
| 25:14 | Build | Farm |
| 25:18 | Research | Bow Saw |
| 25:30 | Build | House |
| 25:35 | Build | House |
| 25:36 | Build | House |
| 25:46 | Build | Castle |
| 26:13 | Create | Camel Scout |
| 26:14 | Create | Camel Scout |
| 26:17 | Create | Camel Scout |
| 26:18 | Create | Camel Scout |
| 26:58 | Create | Camel Scout |
| 27:20 | Research | Bloodlines |
| 27:21 | Create | Camel Scout |
| 27:28 | Create | Spearman |
| 27:29 | Create | Spearman |
| 27:42 | Build | Monastery |
| 27:46 | Build | University |
| 28:39 | Build | Mining Camp |
| 28:43 | Create | Villager (Male) ×5 |
| 29:11 | Research | Thumb Ring |
| 29:20 | Create | Monk |
| 29:21 | Research | Herbal Medicine |
| 29:42 | Build | Stable |
| 29:47 | Build | Stable |
| 29:49 | Build | Stable |
| 30:31 | Build | Mining Camp |
| 30:39 | Research | Ballistics |
| 30:40 | Research | Murder Holes |
| 31:15 | Build | Farm |
| 31:17 | Build | Farm |
| 31:28 | Research | Hand Cart |
| 31:29 | Create | Villager (Male) ×5 |
| 31:46 | Create | Camel Scout ×5 |
| 32:03 | Research | Scale Barding Armor |
| 33:22 | Create | Camel Scout ×5 |
| 33:34 | Create | Camel Scout ×2 |
| 34:36 | Research | Forging |
| 34:37 | Research | Chain Barding Armor |
| 35:32 | Research | Iron Casting |
| 36:05 | Build | Castle |
| 36:13 | Create | Villager (Male) ×5 |
| 36:45 | Research | Imperial Age |
| 36:58 | Research | Heavy Plow |
Build order — SkeeveDaddy
First 150 of 278 actions detected
| 0:01 | Create | Villager (Male) |
| 0:01 | Create | Villager (Male) |
| 0:05 | Build | House |
| 0:11 | Build | House |
| 0:23 | Create | Villager (Male) |
| 1:06 | Create | Villager (Male) |
| 2:07 | Build | Lumber Camp |
| 2:10 | Create | Villager (Male) |
| 2:23 | Create | Villager (Male) |
| 2:51 | Create | Villager (Male) |
| 3:10 | Create | Villager (Male) |
| 3:52 | Build | Mill |
| 4:03 | Create | Villager (Male) |
| 4:09 | Create | Villager (Male) |
| 4:40 | Build | House |
| 4:46 | Create | Villager (Male) |
| 5:41 | Create | Villager (Male) |
| 5:42 | Create | Villager (Male) |
| 6:26 | Create | Villager (Male) |
| 7:16 | Create | Villager (Male) |
| 7:17 | Create | Villager (Male) |
| 8:04 | Research | Loom |
| 8:13 | Build | House |
| 9:01 | Research | Feudal Age |
| 9:08 | Build | Mining Camp |
| 9:52 | Build | Barracks |
| 10:59 | Create | Villager (Male) |
| 11:00 | Create | Villager (Male) |
| 11:00 | Create | Villager (Male) |
| 11:11 | Age | Feudal Age |
| 11:17 | Create | Spearman |
| 11:17 | Create | Spearman |
| 11:34 | Create | Villager (Male) |
| 11:46 | Build | Farm |
| 11:49 | Build | Farm |
| 11:50 | Build | Farm |
| 11:53 | Build | Farm |
| 12:01 | Create | Villager (Male) |
| 12:07 | Build | House |
| 12:17 | Build | House |
| 12:38 | Build | Farm |
| 12:41 | Build | Farm |
| 12:43 | Build | Farm |
| 12:45 | Build | Farm |
| 12:46 | Build | Farm |
| 12:49 | Build | Farm |
| 12:51 | Build | Farm |
| 13:20 | Build | Farm |
| 13:26 | Build | Farm |
| 13:36 | Build | Farm |
| 14:05 | Create | Villager (Male) |
| 14:06 | Create | Villager (Male) |
| 14:35 | Build | Stable |
| 14:56 | Create | Villager (Male) |
| 15:05 | Build | House |
| 15:27 | Create | Villager (Male) |
| 15:45 | Build | Blacksmith |
| 15:58 | Create | Villager (Male) |
| 16:21 | Build | Mining Camp |
| 16:29 | Research | Castle Age |
| 16:55 | Research | Bloodlines |
| 17:02 | Research | Scale Barding Armor |
| 17:23 | Research | Forging |
| 17:47 | Research | Horse Collar |
| 17:59 | Research | Gold Mining |
| 19:09 | Age | Castle Age |
| 19:14 | Build | Town Center |
| 19:25 | Create | Villager (Male) |
| 19:26 | Create | Villager (Male) |
| 19:26 | Create | Villager (Male) |
| 19:43 | Research | Stone Mining |
| 19:49 | Create | Villager (Male) |
| 20:05 | Create | Knight |
| 20:06 | Create | Knight |
| 20:18 | Create | Villager (Male) |
| 20:30 | Create | Villager (Male) |
| 20:30 | Create | Villager (Male) |
| 20:31 | Create | Villager (Male) |
| 20:44 | Create | Scout Cavalry |
| 20:53 | Create | Villager (Male) |
| 20:59 | Build | Farm |
| 21:00 | Build | Farm |
| 21:02 | Build | Farm |
| 21:04 | Build | Farm |
| 21:08 | Create | Villager (Male) |
| 22:23 | Build | House |
| 22:26 | Build | House |
| 22:28 | Build | House |
| 22:30 | Build | House |
| 22:43 | Create | Villager (Male) |
| 22:44 | Create | Villager (Male) |
| 23:26 | Create | Knight |
| 23:26 | Create | Knight |
| 23:26 | Create | Knight |
| 23:30 | Research | Iron Casting |
| 23:44 | Research | Chain Barding Armor |
| 23:47 | Create | Villager (Male) |
| 23:47 | Create | Villager (Male) |
| 23:47 | Create | Villager (Male) |
| 23:55 | Build | Farm |
| 24:14 | Create | Villager (Male) |
| 24:35 | Build | Farm |
| 24:36 | Build | Farm |
| 24:39 | Build | Farm |
| 24:41 | Build | Farm |
| 24:43 | Build | Farm |
| 24:45 | Build | Farm |
| 24:45 | Build | Farm |
| 24:51 | Create | Villager (Male) |
| 24:52 | Create | Villager (Male) |
| 25:30 | Research | Wheelbarrow |
| 25:34 | Research | Iron Casting |
| 25:37 | Create | Knight |
| 25:37 | Create | Knight |
| 26:53 | Create | Knight |
| 26:53 | Create | Knight |
| 27:10 | Research | Hand Cart |
| 27:13 | Create | Villager (Male) |
| 27:13 | Create | Villager (Male) |
| 27:13 | Create | Villager (Male) |
| 27:36 | Research | Padded Archer Armor |
| 27:36 | Research | Fletching |
| 28:16 | Build | Castle |
| 28:40 | Create | Villager (Male) |
| 28:40 | Create | Villager (Male) |
| 28:41 | Create | Villager (Male) |
| 28:58 | Build | House |
| 29:03 | Build | House |
| 29:05 | Build | House |
| 29:09 | Build | House |
| 29:10 | Build | House |
| 29:12 | Build | House |
| 29:14 | Build | House |
| 29:17 | Build | House |
| 29:25 | Create | Villager (Male) |
| 29:25 | Create | Villager (Male) |
| 29:30 | Create | Knight |
| 29:30 | Create | Knight |
| 29:30 | Create | Knight |
| 29:31 | Create | Knight |
| 29:31 | Create | Knight |
| 29:32 | Create | Knight |
| 29:39 | Research | Heavy Plow |
| 29:46 | Research | Stone Shaft Mining |
| 29:58 | Build | Mining Camp |
| 30:17 | Build | Monastery |
| 30:24 | Create | Villager (Male) |
| 30:24 | Create | Villager (Male) |
| 30:25 | Create | Villager (Male) |
| 30:52 | Create | Knight |
Match timeline
| 9:52 | SkeeveDaddy · first_building Barracks |
| 10:58 | JCMX1439 · age_up feudal |
| 11:11 | SkeeveDaddy · age_up feudal |
| 12:47 | JCMX1439 · first_building Barracks |
| 14:35 | SkeeveDaddy · first_building Stable |
| 15:25 | JCMX1439 · first_building Archery Range |
| 17:20 | JCMX1439 · first_building Stable |
| 18:37 | JCMX1439 · age_up castle |
| 19:09 | SkeeveDaddy · age_up castle |
| 25:46 | JCMX1439 · first_building Castle |
| 27:42 | JCMX1439 · first_building Monastery |
| 28:16 | SkeeveDaddy · first_building Castle |
| 30:17 | SkeeveDaddy · first_building Monastery |
| 34:30 | JCMX1439 · first_market_sell 100 wood |
| 34:32 | JCMX1439 · first_market_buy 100 food |
| 37:04 | SkeeveDaddy · age_up imperial |
| 39:30 | JCMX1439 · age_up imperial |
| 40:49 | SkeeveDaddy · wall_segment Stone Wall x18 |
| 50:59 | JCMX1439 · resign |
[ AI ANALYSIS · 1 CREDIT ]
What really happened in this match?
Wolo.gg analyzes every decision: build order, eco, micro, common mistakes by bracket. Personalized analysis on WhatsApp or Discord in 30 seconds.
Civ guide
Persians
Map guide
MegaRandom
Perfil
Jugador #24091670